 Dungeon Crawl Stone Soup version 0.28-a0-1412-gf95308ed99 (webtiles) character file.

Game seed: 9807151288387954746

4 HallandMoats the Shield-Bearer (level 1, -1/11 HPs)
             Began as a Vine Stalker Fighter on Jan 6, 2022.
             Slain by an adder (4 damage)
             ... on level 2 of the Dungeon.
             The game lasted 00:00:23 (109 turns).

HallandMoats the Shield-Bearer (VSFi)                Turns: 109, Time: 00:00:24

Health: -1/11      AC:  6    Str: 18    XL:     1   Next: 70%
Magic:  0/2        EV:  9    Int:  8    God:
Gold:   24         SH:  4    Dex: 13    Spells: 0/0 levels left

rFire   . . .      SeeInvis .   a - +0 war axe
rCold   . . .      Faith    .   c - +0 buckler
rNeg    . . .      Spirit   +   b - +0 scale mail
rPois   .          Reflect  .   (no helmet)
rElec   .          Harm     .   (no cloak)
rCorr   .          Rampage  .   (no gloves)
Will    .....                   (no boots)
Stlth   ..........              (no amulet)
HPRegen 0.03/turn               (no ring)
MPRegen 0.08/turn               (no ring)

@: no status effects
A: fangs 2, magic shield, antimagic bite, no potion heal 2
a: no special abilities


You were on level 2 of the Dungeon.
You visited 1 branch of the dungeon, and saw 2 of its levels.

You collected 24 gold pieces.

Inventory:

Hand Weapons
 a - a +0 war axe (weapon)
Armour
 b - a +0 scale mail (worn)
 c - a +0 buckler (worn)
Scrolls
 e - 2 scrolls of enchant armour {unknown}
Potions
 d - a potion of might
 f - a potion of curing {unknown}


   Skills:
 + Level 2.7 Fighting
 + Level 1.8 Axes
 + Level 2.4 Armour
 + Level 0.1 Dodging
 * Level 2.8 Shields


You couldn't memorise any spells.
You didn't know any spells.
Your spell library was empty.

Dungeon Overview and Level Annotations

Branches:
Dungeon (1/15)

Altars:


Innate Abilities, Weirdness & Mutations

You have extremely sharp teeth.
When hurt, damage is shared between your health and your magic reserves.
Your bite disrupts and absorbs the magic of your enemies.
Potions cannot restore your health.


Message History

You are too injured to fight recklessly!
You are too injured to fight recklessly!
You are too injured to fight recklessly!
You are too injured to fight recklessly!
You are too injured to fight recklessly!
You are too injured to fight recklessly!
You are too injured to fight recklessly!
You are too injured to fight recklessly!
You closely miss the rat. You bite the rat, but do no damage.
You block the rat's attack.
You barely miss the rat. The rat barely misses you. The rat closely misses you.
You slash the rat!
You kill the rat!
Found a stone staircase leading up.
You see here a rat corpse.
You start resting.
Magic restored.
e - 2 scrolls labelled YQUHIPRIHA (gained 1)
A goblin comes into view. It is wielding a +0 club.
The goblin shouts!
A sourceless malevolence fills the Dungeon... and a teleportation trap spontaneously manifests!
You are yanked towards some nearby monsters!
Your surroundings suddenly seem different.
An adder and a goblin come into view.
The goblin shouts!
The adder hisses angrily.
The adder barely misses you.
You barely miss the goblin. You barely miss the adder.
The adder barely misses you. The goblin closely misses you.
You block the goblin's attack. The adder closely misses you.
You barely miss the goblin. Your bite misses the goblin. You miss the adder.
The adder bites you but does no damage. The goblin hits you but does no damage.
You barely miss the goblin. Your bite misses the goblin. You miss the adder.
The adder closely misses you. The goblin hits you with a +0 club.
The adder barely misses you.
You slash the goblin!
You kill the goblin!
You miss the adder. You block the adder's attack. The adder bites you.
* * * LOW HITPOINT WARNING * * *
The adder bites you.
You die...

#### #..#
#..# #@S#
#.....#
.....#...#
#... #...#
##. #...#
.. ....# #
......
#.....


You could see an adder.

Vanquished Creatures
  A goblin (D:2)
  2 hobgoblins (D:2)
  A rat (D:2)
4 creatures vanquished.

Notes
Turn   | Place    | Note
-------+----------+-------------------------------------------
     0 | D:1      | HallandMoats the Vine Stalker Fighter began the quest for
                  | the Orb.
     0 | D:1      | Reached XP level 1. HP: 11/11 MP: 2/2
    21 | D:1      | You fall into a shaft and drop 1 floor!
   109 | D:2      | Slain by an adder

Illustrated notes

Levels and vault maps discovered:
D:1:      lemuel_arrival_tunnels, layout_basic,
          hellmonk_ecumenical_altar_heavens_door
D:2:      layout_rooms, dk_noncrumbling_4, minivault_14

Action                   || total
-------------------------++-------
Melee: War axe           ||    14
       Bite              ||     3
Armor: Scale mail        ||     6
Dodge: Dodged            ||    11
Block: Buckler           ||     3

Table legend: (Time is in decaauts)
 A = Elapsed time spent in this place.
 B = Non-inter-level travel time spent in this place.
 C = Inter-level travel time spent in this place.
 D = Time resting spent in this place.
 E = Time spent auto-exploring this place.
 F = Levels seen in this place.
 G = Mean time per level.
                   A        B        C        D        E       F      G
               +--------+--------+--------+--------+--------+-----+--------+
         Total |    115 |    115 |      0 |      4 |     52 |   2 |   57.5 |
       Dungeon |    115 |    115 |      0 |      4 |     52 |   2 |   57.5 |
               +--------+--------+--------+--------+--------+-----+--------+

Top non-repeatable levels by time:
     D:2: 94 daAuts
     D:1: 21 daAuts
